 Dungeon Crawl Stone Soup version 0.27.1-33-g824d729ab1 (webtiles) character file.

Game seed: 13085326433127424197

21 safid the Skirmisher (level 2, 0/27 HPs)
             Began as a Hill Orc Fighter on Dec 22, 2021.
             Succumbed to an adder's poison
             ... on level 2 of the Dungeon.
             The game lasted 00:02:02 (1084 turns).

safid the Skirmisher (Hill Orc Fighter)             Turns: 1084, Time: 00:02:02

Health: 0/27       AC:  6    Str: 18    XL:     2   Next: 83%
Magic:  2/2        EV: 11    Int:  8    God:
Gold:   24         SH:  9    Dex: 10    Spells: 1/1 levels left

rFire    . . .     SeeInvis .   a - +0 war axe
rCold    . . .     Faith    .   c - +0 kite shield
rNeg     . . .     Spirit   .   b - +0 scale mail
rPois    .         Reflect  .   (no helmet)
rElec    .         Harm     .   (no cloak)
rCorr    +         Rampage  .   (no gloves)
Will     .....                  (no boots)
Stlth    ..........             (no amulet)
HPRegen  0.09/turn              e - ring of resist corrosion
MPRegen  0.08/turn              g - +4 ring of evasion

@: lethally poisoned (0 -> -7)
A: no striking features
a: no special abilities


You were on level 2 of the Dungeon.
You visited 1 branch of the dungeon, and saw 2 of its levels.

You collected 24 gold pieces.

Inventory:

Hand Weapons
 a - a +0 war axe (weapon)
Armour
 b - a +0 scale mail (worn)
 c - a +0 kite shield (worn)
Jewellery
 e - a ring of resist corrosion (left hand)
 g - a +4 ring of evasion (right hand)
Scrolls
 h - a scroll of enchant weapon {unknown}
Potions
 d - a potion of might
 f - a potion of degeneration {unknown}


   Skills:
 + Level 3.9 Fighting
 + Level 3.1 Axes
 + Level 3.6 Armour
 + Level 3.6 Shields


You had one spell level left.
You didn't know any spells.
Your spell library contained the following spells:

 Spells                   Type           Power      Damage    Failure   Level
 Corpse Rot               Necr/Air       N/A        N/A       100%        2
 Dispel Undead            Necr           0%         3d6       100%        4
 Death Channel            Necr           0%         N/A       100%        6


Dungeon Overview and Level Annotations

Branches:
Dungeon (2/15)

Altars:


Message History

You block the adder's attack.
Unknown command.
You hit the adder.
The adder is heavily wounded.
The adder barely misses you. The adder closely misses you.
Unknown command.
You hit the adder.
The adder is severely wounded.
The adder closely misses you. You block the adder's attack.
Unknown command.
You closely miss the adder.
The adder is severely wounded.
The adder bites you but does no damage. x2
Unknown command.
You barely miss the adder.
The adder is severely wounded.
You block the adder's attack. x2
Unknown command.
You hit the adder.
The adder is almost dead.
The adder barely misses you. The adder closely misses you.
Unknown command.
You closely miss the adder.
The adder is almost dead.
You block the adder's attack. x2
Unknown command.
You closely miss the adder.
The adder is almost dead.
The adder closely misses you. The adder bites you but does no damage.
Unknown command.
You closely miss the adder.
The adder is almost dead.
You block the adder's attack. The adder bites you.
* * * LOW HITPOINT WARNING * * *
You are lethally poisoned!
The adder poisons you!
Unknown command.
You hit the adder.
You kill the adder!
You die...

##### #...# .
#...# ..
##...##
...##.....###
........†...#
.....$)@....###
#......<...!...
##.##..........
#.....##...
......... ..
........##. .
#........# ..
###......# .
#...##.#


There were no monsters in sight!

Vanquished Creatures
  An adder (D:2)
  A dart slug (D:1)
  2 ball pythons
  An endoplasm (D:1)
  3 goblins
  A hobgoblin (D:1)
  A quokka (D:1)
  2 bats
  A frilled lizard (D:2)
  3 kobolds (D:1)
  3 rats (D:1)
19 creatures vanquished.

Notes
Turn   | Place    | Note
-------+----------+-------------------------------------------
     0 | D:1      | safid the Hill Orc Fighter began the quest for the Orb.
     0 | D:1      | Reached XP level 1. HP: 19/19 MP: 1/1
   362 | D:1      | Reached XP level 2. HP: 22/27 MP: 2/2
  1084 | D:2      | Succumbed to an adder's poison

Illustrated notes

Levels and vault maps discovered:
D:1:      minmay_arrival_stair_chambers, layout_basic,
          kennysheep_decorative_pillar
D:2:      minmay_inner_zag, layout_basic, uniq_natasha

Skill      XL: |  1  2 |
---------------+-------+-----
Axes           | 3 |  3.1
Fighting       | |  3.9
Armour         | |  3.6
Shields        | |  3.6

Action                   || total
-------------------------++-------
Melee: War axe           ||    71
Armor: Scale mail        ||    32
Dodge: Dodged            ||    35
Block: Kite shield       ||    50
